 Dungeon Crawl Stone Soup version 0.19-a0-1206-g6bcb79c (console) character file.

158 Lasty the Chucker (level 4, -12/38 HPs)
             Began as a Demigod Hunter on Aug 21, 2016.
             Splashed by Ijyb's acid (14 damage)
             ... on level 3 of the Dungeon.
             The game lasted 00:07:59 (3259 turns).

Lasty the Chucker (Demigod Hunter)                  Turns: 3259, Time: 00:08:00

Health: -12/38     AC:  1    Str: 17    XL:     4   Next: 94%
Magic:  6/6        EV: 11    Int: 15    God:
Gold:   134        SH:  0    Dex: 16    Spells: 0 memorised, 3 levels left

rFire  . . .     SeeInvis .     a - +0 halberd
rCold  . . .     Gourm    .     t - +0 ring mail
rNeg   . . .     Faith    .     (shield currently unavailable)
rPois  .         Spirit   .     (no helmet)
rElec  .         Dismiss  .     (no cloak)
rCorr  .         Reflect  .     (no gloves)
MR     .....     Harm     .     (no boots)
Stlth  +.........               (no amulet)
                                (no ring)
                                (no ring)

@: corroded
A: high mp 1
a: no special abilities


You were on level 3 of the Dungeon.
You were hungry.

You visited 1 branch of the dungeon, and saw 3 of its levels.

You collected 134 gold pieces.


Innate Abilities, Weirdness & Mutations

You have an increased reservoir of magic. (+10% MP)


   Skills:
 + Level 3.1 Fighting
 * Level 5.3 Throwing
 - Level 1.7 Dodging
 - Level 0.8 Stealth


You had 3 spell levels left.
You didn't know any spells.

Inventory:

Hand Weapons
 a - a +0 halberd (weapon)
 r - a +0 short sword
 u - a cursed -3 blowgun
 w - a +0 spear
Missiles
 d - 2 throwing nets
 e - 33 poisoned needles
 i - 23 stones (quivered)
 l - 4 javelins
Armour
 b - a +0 leather armour
 t - a +0 ring mail (worn)
Scrolls
 c - a scroll of remove curse {unknown}
 j - a scroll of fear {unknown}
 m - a scroll of identify {unknown}
 s - 2 scrolls of immolation {unknown}
 v - a scroll of magic mapping {unknown}
 x - a scroll of enchant armour {unknown}
Potions
 g - 4 potions of curing {unknown}
 h - a potion of heal wounds {unknown}
 k - a potion of lignification {unknown}
 n - a potion of haste {unknown}
 p - a potion of flight {unknown}
Comestibles
 f - 3 bread rations {!e}
 o - 2 meat rations {!e}
 q - 10 fruits


Message History

The bat hits you but does no damage. The bat closely misses you.
The bat closely misses you.
A sky beast appears from thin air!
Reactivating autopickup.
The bat closely misses you. The bat hits you but does no damage.
The bat barely misses you.
You hear the brisk rusting of a drain nearby.
The bat barely misses you. The bat hits you but does no damage.
The bat closely misses you. The bat barely misses you.
Unknown command.
Unknown command.
The bat misses you.
The sky beast flickers out of sight!
Deactivating autopickup; reactivate with Ctrl-A.
There is a stone staircase leading up here.
Unknown command.
The bat hits you but does no damage. x2
Ijyb screams, "I no like you!"
You climb upwards.
There is a stone staircase leading down here.
You climb downwards.
You hear the sound of rushing water.
There is an entrance to a sewer on this level.
Hurry and find it before the portal rusts away!
Level annotation: 2 exclusions, Ijyb The bat hits you but does no damage.
A sky beast appears from thin air!
Reactivating autopickup.
The sky beast hits you. The sky beast shocks you.
There is a stone staircase leading up here.
You take 6 damage.
The sky beast hits you. The sky beast shocks you.
You take 6 damage.
The bat hits you but does no damage.
Ijyb zaps a wand.
The bolt of acid misses you.
It is a wand of acid.
The bat closely misses you.
You are feeling hungry.
The bat hits you but does no damage. The bat hits you.
Ijyb zaps a wand.
The bolt of acid misses you. The bat barely misses you. The bat hits you.
* * * LOW HITPOINT WARNING * * *
You take 1 damage.
The bat hits you.
* * * LOW HITPOINT WARNING * * *
You take 1 damage.
The bat closely misses you.
Ijyb zaps a wand.
The bolt of acid hits the bat.
The bat dies!
The bolt of acid hits you!
* * * LOW HITPOINT WARNING * * *
The acid corrodes you!
The acid burns!
You die...

......######.#.###....## ###.
#####.#......#..##..#..#####.....
#........#..##..##.##....###.
####.#......##..#........#### ..
#....#......##......##..## #.
#....#......†≈.#...##..#####..
#....#......##........###...
#....#......###.........#.# ###
#...........###@...####...# #...
#...........#...#..# ##..##..##
#....##.#...g.###..#####...#.###
#....##.#..Y#####$.##...........
####.#......>...................
#####.....##Y.b...........#......
#........<...................#...
#......###.#####.................
#.....## #.# #....######.#.....


You could see a sky beast and Ijyb.

Vanquished Creatures
  3 gnolls (D:2)
  5 adders (D:2)
  4 oozes
  3 worms (D:2)
  A dart slug (D:2)
  2 giant geckos
  2 ball pythons
  3 giant cockroaches
  3 goblins
  8 hobgoblins
  2 jackals (D:1)
  7 kobolds
  A quokka (D:3)
  3 bats
  3 giant newts
  9 rats
59 creatures vanquished.

Vanquished Creatures (others)
  A bat (D:3)
1 creature vanquished.

Grand Total: 60 creatures vanquished

Notes
Turn   | Place    | Note
-------+----------+-------------------------------------------
     0 | D:1      | Lasty the Demigod Hunter began the quest for the Orb.
     0 | D:1      | Reached XP level 1. HP: 17/17 MP: 3/3
   301 | D:1      | Reached skill level 2 in Fighting
   356 | D:1      | Reached skill level 4 in Throwing
   356 | D:1      | Reached XP level 2. HP: 24/24 MP: 4/4
  1070 | D:2      | Reached XP level 3. HP: 26/29 MP: 5/5
  1118 | D:2      | HP: 7/29 [adder (4)]
  1125 | D:2      | HP: 6/30 [poisoned by an adder]
  1591 | D:2      | Reached XP level 4. HP: 37/37 MP: 6/6
  1811 | D:2      | HP: 11/37 [adder (1)]
  1817 | D:2      | HP: 9/37 [poisoned by an adder]
  1824 | D:2      | HP: 7/37 [poisoned by an adder]
  1832 | D:2      | HP: 6/37 [poisoned by an adder]
  2139 | D:2      | Reached skill level 5 in Throwing
  2141 | D:2      | Found a blossoming altar of Fedhas.
  2327 | D:2      | Reached skill level 3 in Fighting
  2944 | D:3      | Noticed an ogre
  3088 | D:3      | Found an iron altar of Okawaru.
  3098 | D:3      | Noticed Ijyb
  3169 | D:3      | Noticed a sky beast
  3259 | D:3      | HP: 2/38 [Ijyb/wand of acid (16)]
  3259 | D:3      | Splashed by Ijyb's acid

Vault maps used:
D:1:      dpeg_arrival_concentric_ovals
D:2:      nicolae_overflow_hidden_temple
D:3:      dancing_weapons_uskayaw, lightli_sewer_entry_pipes, okawaru_trees_2,
          uniq_iyjb

Action                   |  1- 3 |  4- 6 || total
-------------------------+-------+-------++-------
Melee: Short sword       |    43 |       ||    43
       Spear             |    17 |    92 ||   109
       Halberd           |       |    31 ||    31
Throw: Stone             |    54 |    28 ||    82
       Javelin           |    22 |     4 ||    26
 Stab: Distracted        |     1 |       ||     1
  Eat: Chunk             |     2 |     5 ||     7
Armor: Leather armour    |    11 |       ||    11
       Ring mail         |       |    47 ||    47
Dodge: Dodged            |    36 |    88 ||   124

Skill      XL: |  1  2  3  4 |
---------------+-------------+-----
Fighting       | 2 3 |  3.1
Throwing       | 4 5 |  5.3
Dodging        | |  1.7
Stealth        | |  0.8
